 Dungeon Crawl Stone Soup version 0.25-a0-1007-g10a8c3caa8 (webtiles) character file.

Game seed: 14485772390120099400, levelgen mode: deterministic

61 tilp the Skirmisher (level 4, 0/29 HPs)
             Began as a Kobold Arcane Marksman on May 12, 2020.
             Slain by an adder (2 damage)
             ... on level 2 of the Dungeon.
             The game lasted 00:03:45 (1770 turns).

tilp the Skirmisher (Kobold Arcane Marksman)        Turns: 1770, Time: 00:03:46

Health: 0/29       AC:  2    Str:  8    XL:     4   Next: 27%
Magic:  5/5        EV: 15    Int: 14    God:
Gold:   42         SH:  0    Dex: 15    Spells: 2/5 levels left

rFire    . . .     SeeInvis .   b - +0 dagger
rCold    . . .     Gourm    .   (shield restricted)
rNeg     . . .     Faith    .   e - +0 robe
rPois    .         Spirit   .   (no helmet)
rElec    .         Reflect  .   (no cloak)
rCorr    .         Harm     .   (no gloves)
MR       .....                  (no boots)
Stlth    +.........             (no amulet)
HPRegen  0.09/turn              (no ring)
MPRegen  0.09/turn              (no ring)

@: no status effects
A: small, carnivore
a: no special abilities


You were on level 2 of the Dungeon.
You were completely stuffed.

You visited 1 branch of the dungeon, and saw 2 of its levels.

You collected 42 gold pieces.

Inventory:

Hand Weapons
 a - a +0 hand crossbow
 b - a +0 dagger (weapon)
Armour
 e - a +0 robe (worn)
Scrolls
 h - a scroll of remove curse
 i - a scroll of identify
Potions
 c - a potion of lignification
Comestibles
 f - 4 rations


   Skills:
 - Level 4.0 Fighting
 - Level 2.4 Crossbows
 - Level 2.4 Dodging
 + Level 1.3 Spellcasting
 + Level 3.1 Hexes


You had 2 spell levels left.
You knew the following spells:

 Your Spells              Type           Power        Failure   Level  Hunger
a - Corona                Hex            #......      7%          1    ##.....
b - Slow                  Hex            #.......     11%         2    ###....

Your spell library contained the following spells:

 Spells                   Type           Power        Failure   Level  Hunger
 Inner Flame              Hex/Fire       #.......     38%         3    ####...
 Portal Projectile        Hex/Tloc       #.....       38%         3    ####...
 Cause Fear               Hex            #.........   56%         4    #####..
 Leda's Liquefaction      Hex/Erth       #.........   80%         4    #####..


Dungeon Overview and Level Annotations

Branches:
Dungeon (2/15)

Altars:


Innate Abilities, Weirdness & Mutations

You are small and have problems with some larger weapons.
You are carnivorous and can eat meat at any time.


Message History

You feel less wooden.
Your +0 robe unmelds from your body.
You start resting.
An adder comes into view.
The adder hisses angrily.
You hear a shout!
You start resting.
A goblin comes into view. It is wielding a -2 club.
Unknown command.
You see here a bolt.
There is a stone staircase leading up here.
The adder bites you but does no damage.
As you read the scroll labeled XUDUWN IRHULOROUGY, it crumbles to dust.
It is a scroll of identify.
You don't have any unidentified items.
The adder bites you.
* * * LOW HITPOINT WARNING * * *
You barely miss the adder. The adder bites you.
* * * LOW HITPOINT WARNING * * *
The adder bites you.
You die...

#(##(##...).....#
#=# #.##.........#
#$# #S##.........#
#.# #..#.........#
(# .............# #
..######.<.####
....####...#
..........########
...........S@....>#
....###########.##
... #..# ## #..#
### #..# #.#
#..####.#
#####.......#
#...........#
######.####.#####


You could see an adder.

Vanquished Creatures
  2 adders (D:2)
  2 dart slugs (D:1)
  5 bats
  A giant cockroach (D:2)
  6 hobgoblins (D:1)
  8 jackals (D:1)
  A quokka (D:2)
  3 goblins
  4 kobolds
  5 rats
37 creatures vanquished.

Notes
Turn   | Place    | Note
-------+----------+-------------------------------------------
     0 | D:1      | tilp the Kobold Arcane Marksman began the quest for the
                  | Orb.
     0 | D:1      | Reached XP level 1. HP: 12/12 MP: 2/2
    50 | D:1      | Reached skill level 2 in Fighting
    56 | D:1      | Reached XP level 2. HP: 13/17 MP: 3/3
   248 | D:1      | Learned a level 2 spell: Slow
   371 | D:1      | Reached skill level 3 in Fighting
   371 | D:1      | Reached XP level 3. HP: 23/23 MP: 4/4
  1690 | D:2      | Reached XP level 4. HP: 21/29 MP: 5/5
  1697 | D:2      | Reached skill level 4 in Fighting
  1712 | D:2      | HP: 2/43 [poisoned by an adder]
  1720 | D:2      | HP: 1/43 [poisoned by an adder]
  1770 | D:2      | Slain by an adder

Illustrated notes

Levels and vault maps discovered:
D:1:      giann_wishing_wells, layout_loops_ring, serial_glass, glass_columns_b,
          glass_columns_a
D:2:      layout_basic, nicolae_overflow_crystal_walls, minmay_circle_x

Skill      XL: |  1  2  3  4 |
---------------+-------------+-----
Fighting       | 2 3 4 |  4.0
Crossbows      | |  2.4
Dodging        | |  2.4
Spellcasting   | |  1.3
Hexes          | |  3.1

Action                   |  1- 3 |  4- 6 || total
-------------------------+-------+-------++-------
Melee: Dagger            |    65 |     4 ||    69
 Fire: Hand crossbow     |    57 |     8 ||    65
 Cast: Corona            |    23 |       ||    23
  Use: Scroll            |     1 |     1 ||     2
       Potion            |       |     1 ||     1
  Eat: Chunk             |    12 |       ||    12
Armor: Robe              |    17 |     5 ||    22
Dodge: Dodged            |   113 |    11 ||   124

Table legend:
 A = Non-vault XP
 B = Vault XP
 C = Vault XP percentage of total XP
 D = Non-vault monster count
 E = Vault monster count
 F = Vault count percentage of total count
                 A         B        C        D         E       F
            +---------+---------+-------+---------+---------+-------
      Total |      56 |      32 |  36.4 |      31 |       6 |  16.2
            +---------+---------+-------+---------+---------+-------
        D:1 |      50 |       0 |   0.0 |      28 |       0 |   0.0
        D:2 |       6 |      32 |  84.2 |       3 |       6 |  66.7
            +---------+---------+-------+---------+---------+-------
